[Event "*** Titled Tuesday Blitz"]
[Site "Chess.com"]
[Date "2020.05.19"]
[Round "2"]
[White "SlavenPastar"]
[Black "Quiet_Desperation"]
[Result "1-0"]
[WhiteElo "2389"]
[BlackElo "2067"]
[TimeControl "180+1"]
[EndTime "12:14:33 PDT"]
[Termination "SlavenPastar won by resignation"]

1. d4 Nf6 2. c4 e6 3. Nc3 Bb4 4. Qc2 Nc6 5. Nf3 O-O 6. Bg5 d6 7. e4 h6 8. Bh4 g5 9. Bg3 g4 10.
d5 exd5 11. cxd5 gxf3 12. dxc6 Bg4 13. cxb7 Rb8 14. O-O-O Rxb7 15. Rg1 Kh8 16. Bh4 Qe7 17. Nd5 1-0

[Event "*** Titled Tuesday Blitz"]
[Site "Chess.com"]
[Date "2020.05.19"]
[Round "2"]
[White "GodDMuhammad"]
[Black "Zq1"]
[Result "0-1"]
[WhiteElo "2285"]
[BlackElo "2520"]
[TimeControl "180+1"]
[EndTime "12:14:36 PDT"]
[Termination "Zq1 won by resignation"]

1. f4 d5 2. Nf3 g6 3. g3 Bg7 4. Bg2 c5 5. d3 Nc6 6. c3 Nf6 7. Qc2 d4 8. e4 dxe3 9. Bxe3 Nd7 10. Nbd2 O-O 11. h4 h5 12. Ng5 Qc7 13. Nde4 b6 14.
O-O Nf6 15. Rae1 Ng4 16. Bc1 Bb7 17. f5 Nce5 18. fxg6 Nxg6 19. Bf4 e5 20. Bc1 Rae8 21. Bf3 f5 22. Nd2 e4 23. Bxg4 Qxg3+ 0-1

[Event "*** Titled Tuesday Blitz"]
[Site "Chess.com"]
[Date "2020.05.19"]
[Round "2"]
[White "ViktoriyaTarasova"]
[Black "AminMolaei"]
[Result "0-1"]
[WhiteElo "2268"]
[BlackElo "2606"]
[TimeControl "180+1"]
[EndTime "12:14:42 PDT"]
[Termination "AminMolaei won by resignation"]

1. d4 e6 2. c4 b6 3. Nc3 Bb7 4. e4 Bb4 5. f3 f5 6. e5 Nh6 7. Bd3 Qh4+ 8. g3 Qxd4 9. Ne2 Qxe5 10. Bf4 Bxc3+ 11. bxc3 Qc5 12. Bxh6 gxh6 13. Qd2 Nc6 14. Qxh6 O-O-O 15. Qd2 Ne5 16. Nd4 Qxd4 17. cxd4 Nxf3+ 18. Ke2 Nxd2 19. Kxd2 Bxh1 20. Rxh1 h5 0-1

[Event "*** Titled Tuesday Blitz"]
[Site "Chess.com"]
[Date "2020.05.19"]
[Round "2"]
[White "Reader777"]
[Black "GMCarbone"]
[Result "1-0"]
[WhiteElo "2605"]
[BlackElo "2319"]
[TimeControl "180+1"]
[EndTime "12:14:46 PDT"]
[Termination "Reader777 won by resignation"]

1. d4 Nf6 2. c4 g6 3. Nc3 d5 4. cxd5 Nxd5 5. e4 Nxc3 6. bxc3 Bg7 7. Bc4 c5 8. Ne2 Nc6 9. Be3 O-O 10. O-O Na5 11.
Bd3 b6 12. Qd2 e5 13. Bh6 exd4 14. Bxg7 Kxg7 15. cxd4 cxd4 16. Qb2 Nc6 17. Bb5 Bb7 18. Rad1 Qf6 19. f4 d3 20. Qxf6+ Kxf6 21. Rxd3 Rfd8 22.
Rfd1 Rxd3 23. Rxd3 Rd8 24. Bxc6 Rxd3 25. Bxb7 Ra3 26.
Bd5 Ke7 27. Nd4 f6 28. Kf2 Kd6 29. Nb5+ 1-0

[Event "*** Titled Tuesday Blitz"]
[Site "Chess.com"]
[Date "2020.05.19"]
[Round "2"]
[White "RubensCezila"]
[Black "tomozupan"]
[Result "1-0"]
[WhiteElo "2444"]
[BlackElo "2212"]
[TimeControl "180+1"]
[EndTime "12:14:46 PDT"]
[Termination "RubensCezila won by resignation"]

1. c4 Nf6 2. Nc3 e5 3. d3 Nc6 4. Nf3 Bb4 5. Bd2 d6 6. e3 O-O 7. Be2 h6 8. O-O a5 9. Qc2 Bc5 10.
a3 Be6 11. Rac1 Bb6 12. Na4 Ba7 13. c5 Qd7 14. Bc3 Rfd8 15. Rfd1 Nd5 16. Be1 b5 17.
cxb6 Nxb6 18. Nxb6 1-0

[Event "*** Titled Tuesday Blitz"]
[Site "Chess.com"]
[Date "2020.05.19"]
[Round "2"]
[White "TurboSteen"]
[Black "dopolian"]
[Result "0-1"]
[WhiteElo "1976"]
[BlackElo "2366"]
[TimeControl "180+1"]
[EndTime "12:14:53 PDT"]
[Termination "dopolian won by resignation"]

1. e4 c5 2. Nc3 d6 3. f4 g6 4. Nf3 Bg7 5. Bc4 Nc6 6. O-O e6 7. d4 cxd4 8. Nb5 Nge7 9. Nfxd4 O-O 10. Nxc6 Nxc6 11. Nxd6 Bd4+ 12. Kh1 Qxd6 0-1

[Event "*** Titled Tuesday Blitz"]
[Site "Chess.com"]
[Date "2020.05.19"]
[Round "2"]
[White "Nastya_Rakhmangulova"]
[Black "AnonymousBread"]
[Result "0-1"]
[WhiteElo "2310"]
[BlackElo "2593"]
[TimeControl "180+1"]
[EndTime "12:14:55 PDT"]
[Termination "AnonymousBread won by resignation"]

1. e4 e5 2. Nf3 Nc6 3. c3 Nf6 4. d4 exd4 5. e5 Nd5 6. cxd4 Bb4+ 7. Bd2 Bxd2+ 8. Qxd2 O-O 9. Nc3 Nxc3 10. Qxc3 d6 11.
Be2 Re8 12. O-O Bg4 13. Rfe1 dxe5 14. dxe5 Qe7 15. h3 Bh5 16. Bb5 Bxf3 17. Qxf3 Nxe5 18. Rxe5 Qxe5 19. Bxe8 Rxe8 20. Qxb7 g6 21. Rc1 Qf4 22.
Qxc7 Re1+ 0-1

[Event "*** Titled Tuesday Blitz"]
[Site "Chess.com"]
[Date "2020.05.19"]
[Round "2"]
[White "Agent-JL"]
[Black "Man-Chuk"]
[Result "0-1"]
[WhiteElo "2484"]
[BlackElo "2720"]
[TimeControl "180+1"]
[EndTime "12:14:59 PDT"]
[Termination "Man-Chuk won by resignation"]

1. Nf3 Nf6 2. b3 g6 3. Bb2 Bg7 4. c4 O-O 5. g3 d6 6. d4 Ne4 7. Bg2 f5 8. O-O c5 9. Nc3 Nc6 10. d5 Bxc3 11. Bxc3 Nxc3 12. Qd3 Nd4 13. Nxd4 cxd4 14.
f3 b5 15. Kf2 Qb6 16. a3 bxc4 17. bxc4 Ba6 0-1

[Event "*** Titled Tuesday Blitz"]
[Site "Chess.com"]
[Date "2020.05.19"]
[Round "2"]
[White "ChessMavenYeti"]
[Black "2007checkmate"]
[Result "0-1"]
[WhiteElo "2077"]
[BlackElo "2395"]
[TimeControl "180+1"]
[EndTime "12:15:11 PDT"]
[Termination "2007checkmate won by checkmate"]

1. d4 d5 2. c4 dxc4 3. e3 c5 4. Nf3 cxd4 5. exd4 Nf6 6. Bxc4 e6 7. O-O Be7 8. Nc3 O-O 9. Bb3 a6 10. Qe2 b5 11.
Rd1 Bb7 12. Ne5 Nbd7 13. Bf4 Nb6 14. Rac1 Nbd5 15. Nxd5 Nxd5 16. Bg3 Rc8 17. f4 Rxc1 18. Rxc1 Qb6 19. Qf2 Rd8 20. f5 exf5 21. Qxf5 Qxd4+ 22. Bf2 Qf4 23. Qxf4 Nxf4 24. Bxf7+ Kf8 25. Re1 Nxg2 26. Rf1 Nf4 27. Be3 Nh3# 0-1

[Event "*** Titled Tuesday Blitz"]
[Site "Chess.com"]
[Date "2020.05.19"]
[Round "2"]
[White "Paralinch"]
[Black "Pittiplatsh"]
[Result "1/2-1/2"]
[WhiteElo "2867"]
[BlackElo "2550"]
[TimeControl "180+1"]
[EndTime "12:15:12 PDT"]
[Termination "Game drawn by repetition"]

1. e4 c5 2. Nf3 d6 3. d4 cxd4 4. Nxd4 Nf6 5. Nc3 a6 6. Be3 e6 7. Be2 Nbd7 8. f4 b5 9. Bf3 Bb7 10. e5 Bxf3 11. Qxf3 dxe5 12. Nc6 Qc7 13. fxe5 Rc8 14.
exf6 Qxc6 15. Ne4 Nxf6 16. Nxf6+ gxf6 17. c3 Qxf3 18. gxf3 Bc5 19. Ke2 Bxe3 20. Kxe3 Ke7 21. a4 Rhd8 22. axb5 axb5 23. Ra7+ Rd7 24. Rxd7+ Kxd7 25. Rg1 h5 26. Rg7 Ke7 27. Rh7 Rc5 28. Rh8 b4 29. Kd4 Rd5+ 30. Ke3 bxc3 31. bxc3 Re5+ 32. Kd3 Rd5+ 33. Ke3 Re5+ 34. Kd3 Rd5+ 35. Ke3 1/2-1/2

[Event "*** Titled Tuesday Blitz"]
[Site "Chess.com"]
[Date "2020.05.19"]
[Round "2"]
[White "JustinWang1234"]
[Black "YellowJacek"]
[Result "1-0"]
[WhiteElo "2572"]
[BlackElo "2300"]
[TimeControl "180+1"]
[EndTime "12:15:12 PDT"]
[Termination "JustinWang1234 won by resignation"]

1. d4 d5 2. Nf3 Nf6 3. c4 c6 4.
e3 Bf5 5. Nc3 e6 6. Nh4 Be4 7.
f3 Bg6 8. Qb3 Qc7 9. Bd2 Bd6 10.
g3 Nbd7 11. Rc1 Be7 12. cxd5 exd5 13. Nxd5 Nxd5 14. Qxd5 O-O-O 15. Nxg6 fxg6 16. Qf7 Nf6 17. Bh3+ Kb8 18. Qb3 Bd6 19. Kf2 Rhf8 20. Kg2 g5 21. Bf5 g6 22. Bb1 g4 23. f4 h5 24. e4 1-0

[Event "*** Titled Tuesday Blitz"]
[Site "Chess.com"]
[Date "2020.05.19"]
[Round "2"]
[White "hypert"]
[Black "FMalexhdez"]
[Result "1-0"]
[WhiteElo "2382"]
[BlackElo "2053"]
[TimeControl "180+1"]
[EndTime "12:15:16 PDT"]
[Termination "hypert won by resignation"]

1. e4 c5 2. Nf3 d6 3. d4 cxd4 4. Nxd4 Nf6 5. Nc3 a6 6. Qf3 e6 7. g4 Nbd7 8. g5 Ne5 9. Qe2 Nfd7 10. f4 Nc6 11. Be3 Be7 12. h4 Qc7 13. O-O-O Nxd4 14. Bxd4 b5 15. f5 Bb7 16. fxe6 fxe6 17. Bxg7 O-O-O 18. Bxh8 Rxh8 19. Bh3 Nc5 20. a3 Kb8 21.
Rhf1 Rc8 22. Kb1 Na4 23. Nxa4 bxa4 24. Bxe6 1-0

[Event "*** Titled Tuesday Blitz"]
[Site "Chess.com"]
[Date "2020.05.19"]
[Round "2"]
[White "Tolya2"]
[Black "Sparklechess"]
[Result "1-0"]
[WhiteElo "2477"]
[BlackElo "1762"]
[TimeControl "180+1"]
[EndTime "12:15:17 PDT"]
[Termination "Tolya2 won by resignation"]

1. Nf3 d5 2. d4 c5 3. c4 dxc4 4. d5 Nf6 5. Nc3 e6 6. e4 exd5 7. e5 Ne4 8. Nxd5 Be6 9. Bxc4 a6 10. a4 Qa5+ 11. Ke2 Nd7 12. Qc2 f5 13. exf6 1-0

[Event "*** Titled Tuesday Blitz"]
[Site "Chess.com"]
[Date "2020.05.19"]
[Round "2"]
[White "Anna_Ko_Rnd"]
[Black "Caterpiller35"]
[Result "0-1"]
[WhiteElo "1641"]
[BlackElo "2346"]
[TimeControl "180+1"]
[EndTime "12:15:18 PDT"]
[Termination "Caterpiller35 won by resignation"]

1. e4 d5 2. exd5 Nf6 3. Bb5+ Bd7 4. Bc4 b5 5. Bb3 a5 6. a3 Bg4 7. f3 Bc8 8. d4 Nxd5 9. Ne2 Bb7 10. O-O e6 11.
Qd3 b4 12. axb4 axb4 13. Rxa8 Bxa8 14. Qb5+ Bc6 15. Qc4 Bd6 16. Ng3 Qd7 17. Ne4 Bb5 18. Nc5 Bxc4 19. Nxd7 Bxf1 20. Kxf1 Nxd7 0-1

[Event "*** Titled Tuesday Blitz"]
[Site "Chess.com"]
[Date "2020.05.19"]
[Round "2"]
[White "lrestevez"]
[Black "SaqoChess_Twitch"]
[Result "0-1"]
[WhiteElo "2034"]
[BlackElo "2378"]
[TimeControl "180+1"]
[EndTime "12:15:19 PDT"]
[Termination "SaqoChess_Twitch won by resignation"]

1. e4 c5 2. Nf3 d6 3. d4 cxd4 4. c3 Nf6 5. Bd3 e6 6. cxd4 Be7 7. Nc3 O-O 8. O-O Nc6 9. Qe2 b6 10. Be3 Bb7 11. Rac1 Nb4 12. Bb1 d5 13. e5 Ne4 14.
Nxe4 dxe4 15. Nd2 Nd3 16. Bxd3 exd3 17. Qxd3 Qd5 18. Nf3 Qxa2 19. Rc7 Ba6 20. Qb1 Qxb1 21. Rxb1 Bd8 22. Rc6 Bb7 23. Rc3 Rc8 24. Rbc1 Rxc3 25.
Rxc3 Bd5 26. Nd2 b5 27. Rc8 Bb6 28. Rxf8+ Kxf8 29. f3 a5 30. Kf2 a4 31. Nb1 b4 32.
Bd2 Bxd4+ 33. Be3 Bxb2 34. Bc5+ Ke8 35. Bxb4 Bxe5 36. Nc3 a3 37. Nxd5 a2 38. Nc7+ Kd7 0-1

[Event "*** Titled Tuesday Blitz"]
[Site "Chess.com"]
[Date "2020.05.19"]
[Round "2"]
[White "MYMChessAcademy"]
[Black "LiamVrolijk"]
[Result "0-1"]
[WhiteElo "2340"]
[BlackElo "2813"]
[TimeControl "180+1"]
[EndTime "12:15:20 PDT"]
[Termination "LiamVrolijk won by resignation"]

1. e4 Nf6 2. e5 Nd5 3. d4 d6 4. Nf3 g6 5. c4 Nb6 6. exd6 cxd6 7. h3 Bg7 8. Be3 O-O 9. Nc3 Bf5 10. d5 Na6 11. Bd4 e5 12. dxe6 Bxe6 13. Bxg7 Kxg7 14.
Qd4+ Kg8 15. Be2 Rc8 16. Rd1 Bxc4 17. Qxd6 Qxd6 18. Rxd6 Bxe2 19. Kxe2 Rfe8+ 20. Kd1 Nc4 21. Rd7 Nc5 22. Rd4 Nxb2+ 23. Kc2 Nca4 24. Kd2 Rxc3 25.
Rb1 Nc4+ 0-1

[Event "*** Titled Tuesday Blitz"]
[Site "Chess.com"]
[Date "2020.05.19"]
[Round "2"]
[White "babyking1205"]
[Black "GOGIEFF"]
[Result "0-1"]
[WhiteElo "2558"]
[BlackElo "2924"]
[TimeControl "180+1"]
[EndTime "12:15:24 PDT"]
[Termination "GOGIEFF won by resignation"]

1. e4 c5 2. Nf3 d6 3. d4 cxd4 4.
Nxd4 Nf6 5. Nc3 a6 6. Be3 Nbd7 7. f3 h5 8. Qd2 e6 9. O-O-O b5 10. g3 Bb7 11.
Bh3 Ne5 12. Bg5 Qb6 13. f4 Nc4 14. Qe2 Be7 15. Rhf1 Rd8 16. Bxe6 fxe6 17. Nxe6 Qe3+ 18. Qxe3 Nxe3 19. Nxd8 Bxd8 20. Rxd6 Nxf1 21. e5 Bc7 22. Rd1 Ne3 23. Rd3 Nfd5 0-1

[Event "*** Titled Tuesday Blitz"]
[Site "Chess.com"]
[Date "2020.05.19"]
[Round "2"]
[White "davekoenig"]
[Black "sergeikim"]
[Result "1-0"]
[WhiteElo "2177"]
[BlackElo "2398"]
[TimeControl "180+1"]
[EndTime "12:15:28 PDT"]
[Termination "davekoenig won by resignation"]

1. e4 e5 2. Nf3 Nc6 3. d4 exd4 4. Nxd4 Bc5 5. Nxc6 Qf6 6. Qd2 dxc6 7. Nc3 Be6 8. Na4 Be7 9. Qe3 Qe5 10. Bd3 Nf6 11.
h3 Qa5+ 12. Nc3 O-O-O 13. Bd2 Bc5 14. Qg3 Rhg8 15. Nd5 cxd5 16. Bxa5 b6 17. Bd2 dxe4 18. Ba6+ Kb8 19. Bf4 Rd7 20. Bb5 Re7 21. O-O-O Nh5 22. Qh4 Nxf4 23. Qxf4 g5 24. Qxe4 Bxf2 25. Ba6 1-0

[Event "*** Titled Tuesday Blitz"]
[Site "Chess.com"]
[Date "2020.05.19"]
[Round "2"]
[White "mfwagnerpeixoto"]
[Black "WhiteCapital80"]
[Result "0-1"]
[WhiteElo "2220"]
[BlackElo "2447"]
[TimeControl "180+1"]
[EndTime "12:15:29 PDT"]
[Termination "WhiteCapital80 won by resignation"]

1. e4 e6 2. d4 d5 3. Nd2 Nf6 4. Bd3 c5 5. c3 Nc6 6. Ngf3 dxe4 7. Nxe4 cxd4 8. Nxf6+ gxf6 9. cxd4 Bb4+ 10. Bd2 Qa5 11. Bxb4 Qxb4+ 12. Qd2 Bd7 13. a3 Qxd2+ 14. Kxd2 Ne7 15. Be4 O-O-O 16. Rhc1+ Kb8 17. Ke1 f5 18.
Bd3 Bc6 19. Ne5 Rhf8 20. Rc4 Bd5 21. Rb4 f6 22. Nf3 Nc6 23. Ra4 Bb3 24. Rb4 Nxb4 25.
axb4 Bd5 0-1

[Event "*** Titled Tuesday Blitz"]
[Site "Chess.com"]
[Date "2020.05.19"]
[Round "2"]
[White "IriBu"]
[Black "Onischuk_V"]
[Result "0-1"]
[WhiteElo "2516"]
[BlackElo "2820"]
[TimeControl "180+1"]
[EndTime "12:15:33 PDT"]
[Termination "Onischuk_V won by resignation"]

1. e4 d6 2. d4 Nf6 3. Nc3 g6 4.
Nf3 Bg7 5. h3 O-O 6. Be2 c6 7.
a4 Nbd7 8. O-O e5 9. dxe5 dxe5 10. b3 Re8 11. Ba3 Bf8 12. Qc1 Bxa3 13. Qxa3 Qa5 14.
b4 Qc7 15. a5 Nf8 16. Bc4 Be6 17. Qb3 Bxc4 18. Qxc4 Ne6 19. Rad1 Rad8 20. Rxd8 Rxd8 21. Rd1 Rxd1+ 22. Nxd1 Qd6 23. Ne3 Nd4 24. Ng4 Nxg4 25.
hxg4 Nxf3+ 26. gxf3 Kg7 27. Kg2 h6 28. c3 Kf6 29.
Kg3 h5 30. Qe2 Kg7 31. Qe3 Qd1 32. Qxa7 Qg1+ 33. Kh3 Qh1+ 0-1

[Event "*** Titled Tuesday Blitz"]
[Site "Chess.com"]
[Date "2020.05.19"]
[Round "2"]
[White "hellokostya"]
[Black "robertofabregas"]
[Result "1-0"]
[WhiteElo "2405"]
[BlackElo "2124"]
[TimeControl "180+1"]
[EndTime "12:15:34 PDT"]
[Termination "hellokostya won by resignation"]

1. d4 Nf6 2. c4 e6 3. Nf3 b6 4.
g3 Bb7 5. Bg2 Be7 6. O-O O-O 7.
Re1 Ne4 8. Nfd2 Nd6 9. e4 Ne8 10. Nc3 c5 11. d5 exd5 12. exd5 Bf6 13. Nde4 d6 14. Bf4 a6 15. a4 Bd4 16. Qd2 f5 17. Ng5 Bc8 18. Ne6 Bxe6 19. dxe6 Qf6 20. Bxa8 1-0

[Event "*** Titled Tuesday Blitz"]
[Site "Chess.com"]
[Date "2020.05.19"]
[Round "2"]
[White "BAS8892"]
[Black "Barmen_EV"]
[Result "0-1"]
[WhiteElo "2655"]
[BlackElo "2487"]
[TimeControl "180+1"]
[EndTime "12:15:35 PDT"]
[Termination "Barmen_EV won by resignation"]

1. d4 d5 2. c4 e6 3. Nc3 Bb4 4. Nf3 Nf6 5. cxd5 exd5 6. Bg5 h6 7. Bh4 g5 8. Bg3 Ne4 9. Qb3 Nc6 10. e3 h5 11. Bb5 Bxc3+ 12. bxc3 h4 13. Ne5 hxg3 14.
Nxc6 gxf2+ 15. Kf1 bxc6 16. Bxc6+ Bd7 17. Bxd5 Nd2+ 0-1

[Event "*** Titled Tuesday Blitz"]
[Site "Chess.com"]
[Date "2020.05.19"]
[Round "2"]
[White "MikeKorovin"]
[Black "MaxLeto"]
[Result "1-0"]
[WhiteElo "2630"]
[BlackElo "2326"]
[TimeControl "180+1"]
[EndTime "12:15:37 PDT"]
[Termination "MikeKorovin won by resignation"]

1. Nf3 d5 2. g3 c6 3. Bg2 Nf6 4. O-O Bf5 5. b3 e6 6. Bb2 Be7 7. d3 h6 8. Nbd2 O-O 9. Qe1 Bh7 10. e4 b5 11. a4 Nbd7 12. exd5 Nxd5 13. Nd4 Qb6 14.
axb5 cxb5 15. Bxd5 Rad8 16. Nxe6 1-0

[Event "*** Titled Tuesday Blitz"]
[Site "Chess.com"]
[Date "2020.05.19"]
[Round "2"]
[White "Firouzja2003"]
[Black "Shubinkirill2003"]
[Result "1-0"]
[WhiteElo "3171"]
[BlackElo "2577"]
[TimeControl "180+1"]
[EndTime "12:15:40 PDT"]
[Termination "Firouzja2003 won by resignation"]

1. e4 e6 2. d3 c5 3. Nd2 Nc6 4. Ngf3 g6 5. g3 Bg7 6. h4 h5 7. Bg2 Nge7 8. O-O O-O 9. Re1 e5 10. Nc4 d6 11. a4 f6 12. c3 Be6 13. Nfd2 Qd7 14. a5 Bh3 15. Qb3 Be6 16. Nf1 Kh7 17. Nfe3 f5 18. exf5 Nxf5 19. Nd5 Rab8 20. Nd2 Nfe7 21. Ne4 Bxd5 22. Ng5+ Kh8 23. Bxd5 Rf6 24. Be6 Qc7 25. Nf7+ Kh7 26. Bg5 c4 27. Bxc4 d5 28. Bxf6 dxc4 29. Ng5+ 1-0

[Event "*** Titled Tuesday Blitz"]
[Site "Chess.com"]
[Date "2020.05.19"]
[Round "2"]
[White "Quaternitychess"]
[Black "Aikiigm"]
[Result "1-0"]
[WhiteElo "2790"]
[BlackElo "2509"]
[TimeControl "180+1"]
[EndTime "12:15:40 PDT"]
[Termination "Quaternitychess won by resignation"]

1. e4 Nf6 2. e5 Nd5 3. d4 d6 4. c4 Nb6 5. f4 dxe5 6. fxe5 Nc6 7. Be3 Bf5 8. Nc3 e6 9. Nf3 Be7 10. d5 exd5 11. cxd5 Nb4 12. Nd4 Bd7 13. Qf3 c5 14.
Nf5 Nc2+ 15. Kd2 Bxf5 16. Qxf5 Nxa1 17. Bb5+ Kf8 18. Rf1 f6 19. exf6 Bxf6 20. Bxc5+ Kf7 21. Qe6+ Kg6 22. Bd3+ Kh6 23. Be3+ 1-0

[Event "*** Titled Tuesday Blitz"]
[Site "Chess.com"]
[Date "2020.05.19"]
[Round "2"]
[White "kingofthenil"]
[Black "chessdjw"]
[Result "1-0"]
[WhiteElo "2497"]
[BlackElo "2699"]
[TimeControl "180+1"]
[EndTime "12:15:43 PDT"]
[Termination "kingofthenil won by checkmate"]

1. d4 Nf6 2. c4 g6 3. Nc3 d5 4.
Nf3 Bg7 5. e3 O-O 6. cxd5 Nxd5 7.
Bc4 Nxc3 8. bxc3 c5 9. O-O Nc6 10. Ba3 b6 11. Qe2 Na5 12. Bd3 Bb7 13. Rfd1 Rc8 14. e4 e6 15. h4 Qe7 16. h5 gxh5 17. Ne5 Bxe5 18. dxe5 Qg5 19. Bc1 Qxe5 20. Bh6 Rfd8 21. f4 Qxc3 22. Qxh5 Rxd3 23. Rxd3 Qxa1+ 24. Kh2 Bxe4 25. Qg5+ Bg6 26. Rd8+ Rxd8 27. Qxd8# 1-0

[Event "*** Titled Tuesday Blitz"]
[Site "Chess.com"]
[Date "2020.05.19"]
[Round "2"]
[White "SHIVACalypso"]
[Black "stolencandy13"]
[Result "0-1"]
[WhiteElo "2294"]
[BlackElo "2553"]
[TimeControl "180+1"]
[EndTime "12:15:46 PDT"]
[Termination "stolencandy13 won by resignation"]

1. Nf3 f5 2. c4 e6 3. g3 Nf6 4. Bg2 Be7 5. Nc3 O-O 6. O-O d6 7.
d4 Qe8 8. Qc2 Qh5 9. Rb1 a5 10.
a3 c6 11. b4 axb4 12. axb4 Nbd7 13. b5 c5 14. Bb2 cxd4 15. Nxd4 Nb6 16. Qb3 Qf7 17. Nc2 Nfd7 18. Ba3 Ne5 19. Ne3 Nbxc4 20. Nxc4 Nxc4 21. Qxc4 Rxa3 22. Rfd1 Kh8 23. Na4 d5 24. Qc2 f4 25. Nb6 fxg3 26. fxg3 Qf2+ 27. Kh1 Qxb6 0-1

[Event "*** Titled Tuesday Blitz"]
[Site "Chess.com"]
[Date "2020.05.19"]
[Round "2"]
[White "Storchnoi"]
[Black "Mikasinski"]
[Result "1/2-1/2"]
[WhiteElo "1934"]
[BlackElo "2350"]
[TimeControl "180+1"]
[EndTime "12:15:50 PDT"]
[Termination "Game drawn by agreement"]

1. d4 Nf6 2. c4 g6 3. Nc3 Bg7 4. e4 d6 5. Nf3 O-O 6. Be2 e5 7. O-O Nc6 8. d5 Ne7 9. Nd2 Ne8 10.
b4 f5 11. c5 Nf6 12. f3 f4 13.
Nc4 g5 14. a4 Ng6 15. Ba3 Rf7 16. b5 Bf8 17. a5 h5 18. b6 axb6 19. axb6 dxc5 20.
bxc7 Qxc7 21. Nb5 Qd8 22. d6 Be6 23. Bxc5 Rxa1 24. Qxa1 Qc8 25. Qa3 Nd7 26. Bb4 Qc6 27. Na5 Qb6+ 28. Kh1 Nb8 29. Nc7 Rxc7 30. dxc7 Qxc7 31.
Bxf8 Nxf8 32. Rc1 Qd7 33. Bc4 Bxc4 34. Nxc4 Nc6 35. Qc5 Ne6 36. Qd5 Qe7 37. Nxe5 Nxe5 38.
Qxe5 Kf7 1/2-1/2

[Event "*** Titled Tuesday Blitz"]
[Site "Chess.com"]
[Date "2020.05.19"]
[Round "2"]
[White "rekosheten"]
[Black "mamonika"]
[Result "1-0"]
[WhiteElo "2365"]
[BlackElo "1966"]
[TimeControl "180+1"]
[EndTime "12:15:51 PDT"]
[Termination "rekosheten won by resignation"]

1. e4 c5 2. Nc3 e6 3. f4 Nc6 4. Nf3 d5 5. Bb5 Nf6 6. Qe2 d4 7.
Bxc6+ bxc6 8. Nd1 Be7 9. Ne5 Qb6 10. Nf2 Ba6 11. d3 O-O 12. O-O Rfd8 13. b3 Bd6 14.
Nxf7 Kxf7 15. e5 Nd5 16. exd6 Rxd6 17. Ne4 Rd7 18. Ng5+ Kf8 19. Qxe6 Nf6 20. Nxh7+ Nxh7 21. Qxd7 Re8 22. f5 Nf6 23. Qd6+ Kg8 24. Ba3 Qd8 1-0

[Event "*** Titled Tuesday Blitz"]
[Site "Chess.com"]
[Date "2020.05.19"]
[Round "2"]
[White "KyronGriffith"]
[Black "Klavdia_Nik"]
[Result "1-0"]
[WhiteElo "2380"]
[BlackElo "2034"]
[TimeControl "180+1"]
[EndTime "12:15:52 PDT"]
[Termination "KyronGriffith won by resignation"]

1. e4 e5 2. Nf3 Nc6 3. Nc3 Nf6 4. d4 exd4 5. Nxd4 d6 6. Be3 Bd7 7. f3 Be7 8. Qd2 a6 9. O-O-O b5 10. g4 Ne5 11. Qf2 Nc4 12. Bxc4 bxc4 13. Qe2 Bb5 14. a4 Bd7 15. Qxc4 c5 16. Nf5 Be6 17. Nxg7+ Kd7 18. Nxe6 fxe6 19. e5 Ne8 20. exd6 Nxd6 21. Ne4 1-0

[Event "*** Titled Tuesday Blitz"]
[Site "Chess.com"]
[Date "2020.05.19"]
[Round "2"]
[White "Aygehovit1992"]
[Black "colegiodemadrid"]
[Result "1-0"]
[WhiteElo "2706"]
[BlackElo "2380"]
[TimeControl "180+1"]
[EndTime "12:15:54 PDT"]
[Termination "Aygehovit1992 won by resignation"]

1. e4 e5 2. Bc4 Nf6 3. d3 c6 4. Nf3 Be7 5. O-O d6 6. a4 O-O 7. Re1 Nbd7 8. a5 Nc5 9. Nbd2 Bg4 10. Nf1 Ne6 11. h3 Bxf3 12. Qxf3 Nd7 13. Ng3 g6 14.
Bxe6 fxe6 15. Qg4 Kf7 16. f4 exf4 17. Bxf4 Nf6 18. Qe2 e5 19. Bh6 Re8 20. Rf1 Kg8 21. Rf3 Qd7 22. Raf1 Qe6 23. Qf2 Nd7 24. Rf7 Bh4 25. Rg7+ Kh8 26. Qf7 Qxf7 27. Rfxf7 Nf8 28. Nf1 b6 29. a6 Re6 30. Rxa7 Rxa7 31. Rxa7 Rf6 32.
Ra8 Bf2+ 33. Kh2 Kg8 34. Rxf8+ 1-0

[Event "*** Titled Tuesday Blitz"]
[Site "Chess.com"]
[Date "2020.05.19"]
[Round "2"]
[White "ASVZ"]
[Black "Szczor"]
[Result "1/2-1/2"]
[WhiteElo "2370"]
[BlackElo "2632"]
[TimeControl "180+1"]
[EndTime "12:15:55 PDT"]
[Termination "Game drawn by repetition"]

1. e4 c5 2. c3 d5 3. exd5 Qxd5 4. d4 Nc6 5. Nf3 Bg4 6. Be2 e6 7. Na3 Nf6 8. Be3 cxd4 9. Nb5 Qd7 10. Nbxd4 Nxd4 11. Bxd4 Bxf3 12. Bxf3 Be7 13. Bxf6 Bxf6 14. Qxd7+ Kxd7 15. Bxb7 Rab8 16. O-O-O+ Kc7 17. Be4 g6 18. h4 h5 19. g3 Rhd8 20. Rxd8 Rxd8 21. Rd1 Rxd1+ 22. Kxd1 Be7 23. Ke2 f5 24. Bc2 g5 25. hxg5 Bxg5 26. f4 Bf6 27. Ke3 Kd6 28. Bd1 h4 29. gxh4 Bxh4 30. b4 Be1 31. Kd3 Bg3 32. Ke3 Be1 33. Kd3 Bg3 34. Ke3 Be1 1/2-1/2

[Event "*** Titled Tuesday Blitz"]
[Site "Chess.com"]
[Date "2020.05.19"]
[Round "2"]
[White "Maghalashvili"]
[Black "S-Fazulyanov"]
[Result "1-0"]
[WhiteElo "2803"]
[BlackElo "2513"]
[TimeControl "180+1"]
[EndTime "12:16:01 PDT"]
[Termination "Maghalashvili won by resignation"]

1. Nf3 d5 2. g3 Nf6 3. Bg2 Bf5 4. O-O e6 5. d3 Be7 6. Nbd2 h6 7. c4 c6 8. cxd5 exd5 9. Qb3 Qb6 10. Qc2 O-O 11. e4 Bh7 12. Re1 Bb4 13. a3 Bxd2 14. Bxd2 dxe4 15. dxe4 Nbd7 16. Nh4 Rfe8 17. Nf5 Bxf5 18.
exf5 Ng4 19. Bc3 Ngf6 20. h3 Rxe1+ 21. Rxe1 Re8 22. Rxe8+ Nxe8 23. g4 Qc5 24. Qe4 Nef6 25.
Qf4 Nd5 26. Bxd5 Qxd5 27. Qc7 Nc5 28. Qb8+ Kh7 29. Qxa7 Ne4 30. Qe3 Ng5 31. Kh2 Qd1 32. Kg2 Qd5+ 33. f3 b5 34. h4 1-0

[Event "*** Titled Tuesday Blitz"]
[Site "Chess.com"]
[Date "2020.05.19"]
[Round "2"]
[White "VolodymyrMolyboha"]
[Black "Lubov_Gordyk"]
[Result "0-1"]
[WhiteElo "2412"]
[BlackElo "2652"]
[TimeControl "180+1"]
[EndTime "12:16:06 PDT"]
[Termination "Lubov_Gordyk won by resignation"]

1. e4 g6 2. d4 Bg7 3. Nc3 d6 4. g3 Nf6 5. Bg2 O-O 6. Nge2 e5 7. h3 exd4 8. Nxd4 Re8 9. O-O Bd7 10. Re1 Qc8 11.
g4 h6 12. Bf4 Nc6 13. Nde2 Ne5 14. Ng3 a5 15. a4 Kh7 16. Qd2 Bc6 17. b3 Qd7 18.
Rad1 Rad8 19. Be3 Qc8 20. f4 Ned7 21. Bd4 Ng8 22. Bxg7 Kxg7 23. Qd4+ Kh7 24. Nd5 b6 25. c4 Nc5 26. Qc3 Bxd5 27. exd5 Qd7 28. Ne4 Nxe4 29.
Bxe4 Re7 30. f5 Re5 31. Qd3 g5 32. f6+ Kh8 33. Bf5 Qe8 34. h4 Rxe1+ 0-1